 Dungeon Sprint DCSS version 0.21.1-1-g345015f (webtiles) character file.

155 nicolaieve the Cleaver (level 5, -12/53 HPs)
             Began as a Minotaur Berserker on June 14, 2018.
             Was a Priest of Trog.
             Mangled by a human (13 damage)
             ... in the Dungeon (Sprint III: "The Ten Rune Challenge").
             The game lasted 00:01:55 (309 turns).

nicolaieve the Cleaver (Minotaur Berserker)          Turns: 309, Time: 00:01:57

Health: -12/53     AC:  2    Str: 22    XL:     5   Next: 14%
Magic:  4/4        EV: 13    Int:  4    God:    Trog [***...]
Gold:   4          SH:  0    Dex: 10    Spells: 4/4 levels left

rFire    . . .     SeeInvis .   a - +0 hand axe
rCold    . . .     Gourm    .   (no shield)
rNeg     . . .     Faith    .   b - +0 animal skin
rPois    .         Spirit   .   (helmet restricted)
rElec    .         Reflect  .   (no cloak)
rCorr    .         Harm     .   (no gloves)
MR       .....     NoTele   +   (no boots)
Stlth    +.........             (no amulet)
HPRegen  0.17/turn              (no ring)
MPRegen  0.09/turn              (no ring)

@: berserk cooldown, slowed, very slow
A: retaliatory headbutt, horns 2
a: Berserk, Trog's Hand, Burn Spellbooks, Renounce Religion


You were in the Dungeon.
You worshipped Trog.
Trog was most pleased with you.
You were hungry.

You visited 1 branch You collected 4 gold pieces.

Inventory:

Hand Weapons
 a - a +0 hand axe (weapon)
Armour
 b - a +0 animal skin (worn)
Scrolls
 i - a scroll of blinking
Potions
 d - a potion of curing
 e - a potion of heal wounds
 f - a potion of haste
 g - 2 potions of magic
 h - a potion of berserk rage
Comestibles
 c - a ration


   Skills:
 + Level 7.7 Fighting
 * Level 9.9 Axes
 + Level 4.1 Armour
 + Level 3.8 Dodging


You had 4 spell levels left.
You didn't know any spells.

Dungeon Overview and Level Annotations

Branches:
Dungeon (1/1)

Altars:
Dithmenos
Elyvilon
Okawaru
Ru
Trog
Uskayaw
Wu Jian
Yredelemnul
Zin
The Shining One
Beogh


Innate Abilities, Weirdness & Mutations

You reflexively headbutt those who attack you in melee.
You have a pair of horns on your head.


Message History

The magic dart hits you!
The battlesphere fires!
The barrage of energy hits you!
The deep elf mage gestures at you while chanting.
The orb of energy hits you!
* * * LOW HITPOINT WARNING * * *
The battlesphere fires!
The barrage of energy hits you!
* * * LOW HITPOINT WARNING * * *
Found a plate armour.
Found five altars.
Unknown command.
The human barely misses you. You furiously retaliate!
You headbutt the human, but do no damage.
The human drinks a potion.
The human seems to grow stronger.
You open the door.
A necromancer and a necrophage come into view.
The necromancer shouts!
The human hits you!
* * * LOW HITPOINT WARNING * * *
The necromancer points at you and mumbles some strange words.
You feel a surge of unholy energy. The human hits you!
You die...

▓▓▓ #
##.############ ##
#..#___#___#__# .#
#..#e..#__ #/p .#
#..###'#'###n## .#
+#..#....*.ep@.# .#
#...'.⌠........#
####...#...######+#
###....#.⌠.#
##.....#...#
#......#+###
.#.....# ###....#
▓▓▓▓▓▓


You could see a deep elf mage, a necromancer, a human, a necrophage and a
battlesphere.

Vanquished Creatures
  A water elemental (D)
  A scorpion (D)
  Jessica (D)
  A human (D)
  An ooze (D)
  A rat (D)
6 creatures vanquished.

Vanquished Creatures (others)
  2 draconian scorchers (D)
  6 hellions (D)
8 creatures vanquished.

Grand Total: 14 creatures vanquished

Notes
Turn   | Place    | Note
-------+----------+-------------------------------------------
     0 | D        | nicolaieve the Minotaur Berserker began the quest for the Orb.
     0 | D        | Reached XP level 1. HP: 19/19 MP: 0/0
     8 | D        | Reached skill level 4 in Axes
    24 | D        | Noticed Jessica
    27 | D        | Killed Jessica
    27 | D        | Reached ** piety under Trog
    27 | D        | Reached skill level 5 in Fighting
    27 | D        | Reached skill level 6 in Axes
    27 | D        | Reached XP level 2. HP: 13/29 MP: 1/1
    27 | D        | Reached XP level 3. HP: 17/36 MP: 2/2
    49 | D        | Noticed a scorpion
    61 | D        | Killed a scorpion
    61 | D        | Reached skill level 8 in Axes
    61 | D        | Reached XP level 4. HP: 18/45 MP: 3/3
    84 | D        | Noticed a water elemental
    86 | D        | Killed a hellion
   107 | D        | Killed a hellion
   110 | D        | Killed a hellion
   115 | D        | Killed a white draconian scorcher
   139 | D        | Killed a white draconian scorcher
   154 | D        | Killed a hellion
   155 | D        | Killed a hellion
   163 | D        | Killed a hellion
   297 | D        | Killed a water elemental
   297 | D        | Reached *** piety under Trog
   297 | D        | Reached skill level 9 in Axes
   297 | D        | Reached XP level 5. HP: 53/53 MP: 4/4
   301 | D        | Found a glowing silver altar of Zin.
   301 | D        | Found a glowing golden altar of the Shining One.
   301 | D        | Found a white marble altar of Elyvilon.
   302 | D        | Noticed a deep elf mage
   304 | D        | Found a hide-covered altar of Uskayaw.
   304 | D        | Found a roughly hewn altar of Beogh.
   304 | D        | Found an iron altar of Okawaru.
   304 | D        | Found a bloodstained altar of Trog.
   304 | D        | Found an ornate altar of the Wu Jian Council.
   304 | D        | Noticed a human
   309 | D        | Found a basalt altar of Yredelemnul.
   309 | D        | Found a shadowy altar of Dithmenos.
   309 | D        | Found a sacrificial altar of Ru.
   309 | D        | Noticed a necrophage
   309 | D        | HP: 1/53 [human (11)]
   309 | D        | Mangled by a human

Skill      XL: |  1  2  3  4 |
---------------+-------------+-----
Fighting       | 5 6 7 |  7.7
Axes           | 6 8 9 |  9.9
Armour         | 3 4 |  4.1
Dodging        | 3 |  3.8

Action                   |  1- 3 |  4- 6 || total
-------------------------+-------+-------++-------
Melee: Hand axe          |     8 |     9 ||    17
       Headbutt          |     2 |       ||     2
Invok: Berserk           |     2 |     1 ||     3
Dodge: Dodged            |     4 |     4 ||     8
